 Dungeon Crawl Stone Soup version 0.27-a0-13-g87abb2d9eb (webtiles) character file.

Game seed: 2765676044230082733

78 voltaire321 the Magician (level 4, 0/25 HPs)
             Began as a Deep Elf Air Elementalist on Jan 2, 2021.
             Killed from afar by an orc wizard (5 damage)
             ... with a magic dart
             ... on level 3 of the Dungeon.
             The game lasted 00:09:45 (2819 turns).

voltaire321 the Magician (DEAE)                     Turns: 2819, Time: 00:09:46

Health: 0/25       AC:  3    Str:  6    XL:     4   Next: 15%
Magic:  4/11       EV: 12    Int: 20    God:
Gold:   195        SH:  0    Dex: 15    Spells: 7/10 levels left

rFire    . . .     SeeInvis .   p - +2 whip (drain)
rCold    . . .     Faith    .   (no shield)
rNeg     . . .     Spirit   .   j - +0 leather armour {rPois}
rPois    +         Reflect  .   (no helmet)
rElec    .         Harm     .   (no cloak)
rCorr    .         Rampage  .   (no gloves)
Will     .....                  (no boots)
Stlth    ++........             (no amulet)
HPRegen  0.08/turn              (no ring)
MPRegen  0.12/turn              (no ring)

@: swift, very quick
A: no striking features
a: no special abilities


You were on level 3 of the Dungeon.
You visited 1 branch of the dungeon, and saw 4 of its levels.

You collected 195 gold pieces.

Inventory:

Hand Weapons
 g - a +1 short sword of draining
 p - a +2 whip of draining (weapon)
Missiles
 i - 11 poisoned darts
Armour
 j - a +0 leather armour of poison resistance (worn)
Magical Staves
 m - an uncursed staff of conjuration
Jewellery
 c - an uncursed ring of fire {unknown}
Scrolls
 d - a scroll of magic mapping
 e - 2 scrolls of identify
 f - a scroll of random uselessness {unknown}
 l - a scroll of blinking {unknown}
 o - a scroll of remove curse
Potions
 a - a potion of cancellation {unknown}
 b - 3 potions of resistance
 h - a potion of heal wounds {unknown}
 k - 3 potions of brilliance {unknown}
 n - a potion of curing {unknown}


   Skills:
 + Level 1.0 Fighting
 + Level 0.6 Armour
 + Level 3.2 Dodging
 - Level 2.4 Stealth
 + Level 3.7 Spellcasting
 + Level 2.0 Conjurations
 + Level 3.4 Air Magic


You had 7 spell levels left.
You knew the following spells:

 Your Spells              Type           Power        Failure   Level
a - Shock                 Conj/Air       56%          7%          1
b - Swiftness             Air            17%          8%          2

Your spell library contained the following spells:

 Spells                   Type           Power        Failure   Level
 Static Discharge         Conj/Air       14%          21%         3
 Airstrike                Air            8%           45%         4
 Lightning Bolt           Conj/Air       7%           88%         5


Dungeon Overview and Level Annotations

Branches:
Dungeon (4/15)
 Temple: D:4-7

Altars:


Message History

The orc wizard points at you and mumbles some strange words.
The magic dart hits you!
Casting: Shock (safe; 7% risk of failure)
Confirm with . or Enter, or press ? or * to list all spells.
Aiming: Shock (safe; 7% risk of failure)
Press: ? - help, Shift-Dir - straight line, f/p - orc wizard
Aim: an orc wizard, wielding a +0 dagger and wearing a +0 robe (lightly wounded, fast, 36% to evade)
The zap misses the orc wizard.
The orc wizard casts a spell.
The orc wizard blinks!
Your magical contamination has completely faded away.
Casting: Shock (safe; 7% risk of failure)
Confirm with . or Enter, or press ? or * to list all spells.
You feel quick. The orc wizard casts a spell at you. The magic dart hits you.
* * * LOW HITPOINT WARNING * * *
The orc wizard gestures at you while chanting.
The magic dart hits you.
You die...

#.≈≈≈≈ #≈≈≈≈≈ #..≈≈≈
#.≈≈≈≈ #≈.≈≈≈ #≈≈≈≈≈
#.≈≈≈≈ ##############..≈≈≈
####.@....o.....>..≈≈≈
#<..........###)#..≈.≈
#.##.######## #.#...≈.
#.##.# #......#
############.##.# #####..#
....[........##.# ###..#
.##########..##.#
#########....# .#
###..##.####.......".....
.#
##.).........).........###


You could see an orc wizard (fast).

Vanquished Creatures
  An adder (D:3)
  An ooze (D:3)
  A worm (D:2)
  2 dart slugs (D:2)
  A leopard gecko (D:1)
  10 orcs (D:3)
  4 ball pythons
  A giant cockroach (D:3)
  2 goblins
  8 hobgoblins
  2 jackals (D:3)
  2 kobolds (D:1)
  3 bats (D:1)
  A frilled lizard (D:3)
  7 rats
46 creatures vanquished.

Notes
Turn   | Place    | Note
-------+----------+-------------------------------------------
     0 | D:1      | voltaire321 the Deep Elf Air Elementalist began the quest
                  | for the Orb.
     0 | D:1      | Reached XP level 1. HP: 10/10 MP: 6/6
   527 | D:1      | Reached XP level 2. HP: 16/16 MP: 6/8
   530 | D:1      | Learned a level 2 spell: Swiftness
  1659 | D:2      | Reached XP level 3. HP: 20/20 MP: 5/9
  2260 | D:3      | Found a faded altar of an unknown god.
  2580 | D:3      | Reached skill level 1 in Fighting
  2666 | D:3      | Reached XP level 4. HP: 25/25 MP: 9/11
  2819 | D:3      | Killed from afar by an orc wizard

Illustrated notes

Levels and vault maps discovered:
D:1:      saegor_arrival_simple_b, layout_loops_cross, minmay_cupped
D:2:      layout_loops_ring
D:3:      layout_loops_ring, chequers_ecumenical_altar_island
D:4:      layout_basic

Skill      XL: |  1  2  3 |
---------------+----------+-----
Dodging        | 3 |  3.2
Fighting       | 1 |  1.0
Conjurations   | 2 |  2.0
Armour         | |  0.6
Stealth        | |  2.4
Spellcasting   | |  3.7
Air Magic      | |  3.4

Action                   |  1- 3 |  4- 6 || total
-------------------------+-------+-------++-------
Melee: Unarmed           |     5 |       ||     5
       Short sword       |    13 |       ||    13
 Cast: Shock             |    74 |    12 ||    86
       Swiftness         |       |     1 ||     1
  Use: Scroll            |     7 |       ||     7
 Stab: Sleeping          |     1 |       ||     1
Armor: Leather armour    |       |     1 ||     1
Dodge: Dodged            |    21 |     2 ||    23

Table legend: (Time is in decaauts)
 A = Elapsed time spent in this place.
 B = Non-inter-level travel time spent in this place.
 C = Inter-level travel time spent in this place.
 D = Time resting spent in this place.
 E = Time spent auto-exploring this place.
 F = Levels seen in this place.
 G = Mean time per level.
                   A        B        C        D        E       F      G
               +--------+--------+--------+--------+--------+-----+--------+
         Total |   2820 |   2760 |     60 |    785 |   1425 |   4 |  705.0 |
       Dungeon |   2820 |   2760 |     60 |    785 |   1425 |   4 |  705.0 |
               +--------+--------+--------+--------+--------+-----+--------+

Top non-repeatable levels by time:
     D:1: 1178 daAuts
     D:3: 854 daAuts
     D:2: 785 daAuts
     D:4: 1 daAuts
